3L
WIZARDING EXPRESS @ LAS VEGAS FLAMINGOS
04/25/2024
 
TOP OF THE 1ST
Wizarding Express batting - Pitching for Las Vegas Flamingos : RHP John Brown
Pitching: RHP John Brown
Batting: RHB António Martínez 0-0: Called Strike
0-1: Ball
1-1: Ball
2-1: Fly out, F7 (Flyball, 78M)
Batting: LHB Kyung-chor Pang 0-0: Called Strike
0-1: Ball
1-1: Called Strike
1-2: Ground out 4-3 (Groundball, 4)
Batting: RHB Rafael Arredondo 0-0: Ball
1-0: SINGLE (Line Drive, 4MD)
Batting: LHB Nathan Tanner 0-0: Ball
1-0: Ball
2-0: Called Strike
2-1: Called Strike
Rafael Arredondo steals 2nd base
2-2: Strikes out swinging
Top of the 1st over - 0 run(s), 1 hit(s), 0 error(s), 1 left on base; Wizarding 0 - Las Vegas 0
BOTTOM OF THE 1ST
Las Vegas Flamingos batting - Pitching for Wizarding Express : RHP Roberto De La Cruz
Pitching: RHP Roberto De La Cruz
Batting: RHB Sake van Arem 0-0: Called Strike
0-1: Ball
1-1: Ball
2-1: Swinging Strike
2-2: Foul Ball, location: 2F
2-2: Fly out, F5 (Popup, 56S)
Batting: RHB Ángel López 0-0: Called Strike
0-1: Ball
1-1: Foul Ball, location: 2F
1-2: Ball
2-2: Foul Ball, location: 2F
2-2: Ground out 5-3 (Groundball, 56)
Batting: LHB Victor Adams 0-0: Called Strike
0-1: Ground out 5-3 (Groundball, 56)
Bottom of the 1st over - 0 run(s), 0 hit(s), 0 error(s), 0 left on base; Wizarding 0 - Las Vegas 0
TOP OF THE 2ND
Wizarding Express batting - Pitching for Las Vegas Flamingos : RHP John Brown
Batting: RHB Cole Shaffer 0-0: Swinging Strike
0-1: Foul Ball, location: 2F
0-2: Ball
1-2: Ball
2-2: Ball
3-2: Strikes out swinging
Batting: RHB Carlos Ortega 0-0: DOUBLE (Line Drive, 9LS)
Batting: RHB Turner Coleman 0-0: SINGLE (Flyball, 7LS)
Carlos Ortega to third
Runner from 3rd tries for Home, SAFE, throw made home
Turner Coleman to second
Batting: RHB Tenshin Ichikawa 0-0: Ball
1-0: Ball
2-0: TRIPLE (Line Drive, 8RM)
Turner Coleman scores
Batting: LHB José Corona 0-0: Ball
1-0: Foul Ball, location: 2F
1-1: Ball
2-1: Foul Ball, location: 2F
2-2: Ground out 4-3 (Groundball, 4)
Tenshin Ichikawa scores
Batting: RHB António Martínez 0-0: Ball
1-0: Ball
2-0: Called Strike
2-1: SINGLE (Groundball, 13) (infield hit)
Batting: LHB Kyung-chor Pang 0-0: Ball
1-0: Called Strike
1-1: Foul Ball, location: 2F
1-2: DOUBLE (Line Drive, 9LM)
António Martínez to third
Runner from 3rd tries for Home, SAFE, no throw or cutoff
Batting: RHB Rafael Arredondo 0-0: Ball
1-0: Fly out, F6 (Popup, 5F)
Top of the 2nd over - 4 run(s), 5 hit(s), 0 error(s), 1 left on base; Wizarding 4 - Las Vegas 0
BOTTOM OF THE 2ND
Las Vegas Flamingos batting - Pitching for Wizarding Express : RHP Roberto De La Cruz
Batting: RHB Jeff Young 0-0: Fly out, F2 (Popup, 2RF)
Batting: LHB Chris McKinney 0-0: Foul Ball, location: 2F
0-1: DOUBLE (Groundball, 3L)
Batting: LHB Takahiro Harada 0-0: Ball
1-0: Ball
2-0: Foul Ball, location: 2F
2-1: Ground out U3 (Groundball, 3L)
Chris McKinney to third
Batting: RHB Terry Sylvester 0-0: Called Strike
0-1: Fly out, F6 (Line Drive, 6M)
Bottom of the 2nd over - 0 run(s), 1 hit(s), 0 error(s), 1 left on base; Wizarding 4 - Las Vegas 0
TOP OF THE 3RD
Wizarding Express batting - Pitching for Las Vegas Flamingos : RHP John Brown
Batting: LHB Nathan Tanner 0-0: Ball
1-0: Foul Ball, location: 2F
1-1: Foul Ball, location: 2F
1-2: Ground out 6-3 (Groundball, 6M)
Batting: RHB Cole Shaffer 0-0: Swinging Strike
0-1: Ball
1-1: Foul Ball, location: 2F
1-2: Ball
2-2: Foul Ball, location: 2F
2-2: Fly out, F8 (Flyball, 8LS)
Batting: RHB Carlos Ortega 0-0: SINGLE (Flyball, 9LS)
Batting: RHB Turner Coleman 0-0: Ball
1-0: Called Strike
1-1: Ball
2-1: Ball
3-1: Base on Balls
Carlos Ortega to second
Batting: RHB Tenshin Ichikawa 0-0: Called Strike
0-1: Foul Ball, location: 2F
0-2: Ball
1-2: Ball
2-2: Ball
3-2: SINGLE (Line Drive, 4M)
Carlos Ortega to third
Turner Coleman to second
Carlos Ortega scores
Turner Coleman to third
Batting: LHB José Corona 0-0: Called Strike
0-1: Swinging Strike
0-2: Ball
1-2: Ground out U3 (Groundball, 3L)
Top of the 3rd over - 1 run(s), 2 hit(s), 0 error(s), 2 left on base; Wizarding 5 - Las Vegas 0
BOTTOM OF THE 3RD
Las Vegas Flamingos batting - Pitching for Wizarding Express : RHP Roberto De La Cruz
Batting: LHB Sinclair van Kooten 0-0: Ball
1-0: Foul Ball, location: 2F
1-1: Ball
2-1: Ball
3-1: Called Strike
3-2: Foul Ball, location: 2F
3-2: Base on Balls
Batting: RHB Pablo Trujillo 0-0: Called Strike
0-1: Called Strike
0-2: Grounds into double play, 6-4-3 (Groundball, 6)
Batting: RHB Sake van Arem 0-0: Called Strike
0-1: Foul Ball, location: 2F
0-2: Foul Ball, location: 2F
0-2: Foul Ball, location: 2F
0-2: Ball
1-2: Strikes out swinging
Bottom of the 3rd over - 0 run(s), 0 hit(s), 0 error(s), 0 left on base; Wizarding 5 - Las Vegas 0
TOP OF THE 4TH
Wizarding Express batting - Pitching for Las Vegas Flamingos : RHP John Brown
Batting: RHB António Martínez 0-0: Ball
1-0: Ball
2-0: Called Strike
2-1: SOLO HOME RUN (Flyball, 78XD), Distance : 437 ft
Pitching: RHP José Hernández
Batting: LHB Kyung-chor Pang 0-0: Called Strike
0-1: Ball
1-1: Ground out 4-3 (Groundball, 4)
Batting: RHB Rafael Arredondo 0-0: Called Strike
0-1: Swinging Strike
0-2: Ground out 4-3 (Groundball, 4)
Batting: LHB Nathan Tanner 0-0: Called Strike
0-1: Called Strike
0-2: Ball
1-2: SINGLE (Flyball, 7S)
Batting: RHB Cole Shaffer 0-0: Ball
1-0: Called Strike
Nathan Tanner steals 2nd base
1-1: Ball
2-1: Fly out, F8 (Line Drive, 8LD)
Top of the 4th over - 1 run(s), 2 hit(s), 0 error(s), 1 left on base; Wizarding 6 - Las Vegas 0
BOTTOM OF THE 4TH
Las Vegas Flamingos batting - Pitching for Wizarding Express : RHP Roberto De La Cruz
Batting: RHB Ángel López 0-0: Ball
1-0: Swinging Strike
1-1: Called Strike
1-2: Ball
2-2: Strikes out swinging
Batting: LHB Victor Adams 0-0: Ball
1-0: Called Strike
1-1: Foul Ball, location: 2F
1-2: Ball
2-2: Foul Ball, location: 2F
2-2: Ball
3-2: Base on Balls
Batting: RHB Jeff Young 0-0: Ball
Wild Pitch!
Victor Adams to second
1-0: Called Strike
1-1: DOUBLE (Line Drive, 7LS)
Victor Adams scores
Batting: LHB Chris McKinney 0-0: Called Strike
0-1: Foul Ball, location: 2F
0-2: Strikes out swinging
Batting: LHB Takahiro Harada 0-0: Ball
1-0: Ground out 6-3 (Groundball, 6M)
Bottom of the 4th over - 1 run(s), 1 hit(s), 0 error(s), 1 left on base; Wizarding 6 - Las Vegas 1
TOP OF THE 5TH
Wizarding Express batting - Pitching for Las Vegas Flamingos : RHP José Hernández
Batting: RHB Carlos Ortega 0-0: Fly out, F9 (Flyball, 9LMF)
Batting: RHB Turner Coleman 0-0: Called Strike
0-1: SINGLE (Groundball, 13) (infield hit)
Batting: RHB Tenshin Ichikawa 0-0: Ball
1-0: Called Strike
1-1: Called Strike
1-2: Foul Ball, location: 2F
1-2: Foul Ball, location: 2F
1-2: Ball
2-2: Ball
3-2: Strikes out looking
Batting: LHB José Corona 0-0: Called Strike
0-1: Ball
1-1: Swinging Strike
1-2: Fielders Choice at 2nd, 5-4 (Groundball, 56)
Top of the 5th over - 0 run(s), 1 hit(s), 0 error(s), 0 left on base; Wizarding 6 - Las Vegas 1
BOTTOM OF THE 5TH
Las Vegas Flamingos batting - Pitching for Wizarding Express : RHP Roberto De La Cruz
Pitching: RHP Jackson Haines
Batting: RHB Terry Sylvester 0-0: Swinging Strike
0-1: Ball
1-1: SINGLE (Line Drive, 89S)
Batting: LHB Sinclair van Kooten 0-0: Ball
1-0: Foul Ball, location: 2F
1-1: Ball
2-1: Called Strike
2-2: Ball
3-2: Strikes out swinging
Batting: RHB Pablo Trujillo 0-0: Ball
1-0: Ball
2-0: Called Strike
2-1: Foul Ball, location: 2F
2-2: SINGLE (Line Drive, 56D)
Terry Sylvester to second
Batting: RHB Sake van Arem 0-0: Ball
1-0: Called Strike
1-1: Fly out, F9 (Flyball, 9S)
Batting: RHB Ángel López 0-0: Ball
1-0: Called Strike
1-1: Swinging Strike
1-2: Ball
2-2: Foul Ball, location: 2F
2-2: Ball
3-2: Base on Balls
Terry Sylvester to third
Pablo Trujillo to second
Batting: LHB Victor Adams 0-0: Ball
1-0: Ball
2-0: Called Strike
2-1: Ball
3-1: Base on Balls
Terry Sylvester scores
Pablo Trujillo to third
Ángel López to second
Batting: RHB Jeff Young 0-0: Fly out, F9 (Flyball, 89M)
Bottom of the 5th over - 1 run(s), 2 hit(s), 0 error(s), 3 left on base; Wizarding 6 - Las Vegas 2
TOP OF THE 6TH
Wizarding Express batting - Pitching for Las Vegas Flamingos : RHP José Hernández
Pinch Hitting: LHB Michael Smith 0-0: Called Strike
0-1: Ground out 3-1 (Groundball, 34)
Pinch Hitting: SHB Eugene Parrish 0-0: Fly out, F7 (Flyball, 7D)
Pinch Hitting: LHB Jack Schmitt 0-0: Ball
1-0: SOLO HOME RUN (Flyball, 89XD), Distance : 419 ft
Pinch Hitting: LHB Chris Thurman 0-0: Called Strike
0-1: Foul Ball, location: 2F
0-2: Ball
1-2: Foul Ball, location: 2F
1-2: Ball
2-2: Ball
3-2: Fly out, F8 (Flyball, 8RXD)
Top of the 6th over - 1 run(s), 1 hit(s), 0 error(s), 0 left on base; Wizarding 7 - Las Vegas 2
BOTTOM OF THE 6TH
Las Vegas Flamingos batting - Pitching for Wizarding Express : RHP Jackson Haines
Now at 3B: Eugene Parrish
Now in LF: Micheal Garren
Now in CF: Chris Thurman
Now in RF: Jack Schmitt
Batting: LHB Chris McKinney 0-0: Ball
1-0: Called Strike
1-1: Foul Ball, location: 2F
1-2: Foul Ball, location: 2F
1-2: Fly out, F9 (Flyball, 9D)
Batting: LHB Takahiro Harada 0-0: Ball
1-0: Called Strike
1-1: Swinging Strike
1-2: Ball
2-2: Ball
3-2: Strikes out swinging
Batting: RHB Terry Sylvester 0-0: Ball
1-0: Fly out, F6 (Popup, 56)
Bottom of the 6th over - 0 run(s), 0 hit(s), 0 error(s), 0 left on base; Wizarding 7 - Las Vegas 2
TOP OF THE 7TH
Wizarding Express batting - Pitching for Las Vegas Flamingos : RHP José Hernández
Pinch Hitting: SHB Emílio Gonzáles 0-0: Ball
1-0: Swinging Strike
1-1: Called Strike
1-2: SINGLE (Line Drive, 89S)
Batting: RHB Michael Montgomery 0-0: Bunt - Flyout! F2
Batting: RHB Turner Coleman 0-0: Foul Ball, location: 2F
0-1: Called Strike
0-2: Ball
1-2: Ball
2-2: Ball
3-2: Base on Balls
Emílio Gonzáles to second
Pitching: RHP Roger Garrett
Pinch Hitting: RHB Nathan Clay 0-0: Ball
Emílio Gonzáles steals 3rd base
Turner Coleman to second
1-0: Ball
2-0: Called Strike
2-1: Ball
3-1: Foul Ball, location: 2F
3-2: Fly out, F9 (Flyball, 9S)
Batting: LHB José Corona 0-0: Called Strike
0-1: Called Strike
0-2: Strikes out swinging
Top of the 7th over - 0 run(s), 1 hit(s), 0 error(s), 2 left on base; Wizarding 7 - Las Vegas 2
BOTTOM OF THE 7TH
Las Vegas Flamingos batting - Pitching for Wizarding Express : RHP Jackson Haines
Now at 2B: Nathan Clay
Now at 3B: Emílio Gonzáles
Batting: LHB Sinclair van Kooten 0-0: Called Strike
0-1: Ball
1-1: Ball
2-1: Foul Ball, location: 2F
2-2: Foul Ball, location: 2F
2-2: Foul Ball, location: 2F
2-2: Ball
3-2: Fly out, F8 (Flyball, 8RM)
Pitching: LHP Dave Davis
Batting: RHB Pablo Trujillo 0-0: Called Strike
0-1: Called Strike
0-2: Foul Ball, location: 2F
0-2: Ground out 6-3 (Groundball, 6M)
Pinch Hitting: RHB Pablo Lugo 0-0: Ball
1-0: Ball
2-0: Called Strike
2-1: Foul Ball, location: 2F
2-2: Ball
3-2: Base on Balls
Pinch Hitting: SHB Kunimichi Chikafuji 0-0: Ball
1-0: Fly out, F7 (Line Drive, 7S)
Bottom of the 7th over - 0 run(s), 0 hit(s), 0 error(s), 1 left on base; Wizarding 7 - Las Vegas 2
TOP OF THE 8TH
Wizarding Express batting - Pitching for Las Vegas Flamingos : RHP Roger Garrett
Now at 2B: Kunimichi Chikafuji
Now at SS: Ted Young
Batting: LHB Micheal Garren 0-0: Ball
1-0: Ball
2-0: Foul Ball, location: 2F
2-1: Ball
3-1: Foul Ball, location: 2F
3-2: Base on Balls
Batting: SHB Eugene Parrish 0-0: Fly out, F2 (Popup, 5SF)
Batting: LHB Jack Schmitt 0-0: Ball
1-0: Ball
2-0: 2-RUN HOME RUN (Flyball, 89XD), Distance : 423 ft
Batting: LHB Chris Thurman 0-0: Ball
1-0: Foul Ball, location: 2F
1-1: Ball
2-1: Called Strike
2-2: Ball
3-2: DOUBLE (Line Drive, 78S)
Batting: SHB Emílio Gonzáles 0-0: Called Strike
Chris Thurman steals 3rd base
0-1: Swinging Strike
0-2: Ball
1-2: Ball
2-2: Fly out, F7 (Flyball, 78M)
Runner from 3rd tags up, SCORES, no throw
Pitching: RHP Cris Herrera
Batting: RHB Michael Montgomery 0-0: Ball
1-0: Ground out 3-1 (Groundball, 34S)
Top of the 8th over - 3 run(s), 2 hit(s), 0 error(s), 0 left on base; Wizarding 10 - Las Vegas 2
BOTTOM OF THE 8TH
Las Vegas Flamingos batting - Pitching for Wizarding Express : LHP Dave Davis
Pinch Hitting: SHB Shojiro Kimura 0-0: Ball
1-0: Ball
2-0: Ball
3-0: Base on Balls
Batting: RHB Jeff Young 0-0: Foul Ball, location: 2F
0-1: Ball
1-1: Swinging Strike
1-2: Strikes out swinging
Pinch Hitting: LHB Jake Shelton 0-0: Ball
1-0: Ball
2-0: Swinging Strike
2-1: Foul Ball, location: 2F
2-2: Ball
3-2: Foul Ball, location: 2F
3-2: Base on Balls
Shojiro Kimura to second
Batting: SHB Wilbert Carter 0-0: Called Strike
0-1: Called Strike
0-2: Ball
1-2: Strikes out swinging
Batting: RHB Terry Sylvester 0-0: Called Strike
0-1: Called Strike
0-2: Strikes out swinging
Bottom of the 8th over - 0 run(s), 0 hit(s), 0 error(s), 2 left on base; Wizarding 10 - Las Vegas 2
TOP OF THE 9TH
Wizarding Express batting - Pitching for Las Vegas Flamingos : RHP Cris Herrera
Now at 1B: Shojiro Kimura
Now in LF: Jake Shelton
Pinch Hitting: LHB Júlio Valentín 0-0: Called Strike
0-1: Swinging Strike
0-2: Strikes out swinging
Batting: RHB Nathan Clay 0-0: Called Strike
0-1: Foul Ball, location: 2F
0-2: Ball
1-2: Ball
2-2: Ball
3-2: Foul Ball, location: 2F
3-2: Foul Ball, location: 2F
3-2: Base on Balls
Batting: LHB José Corona 0-0: Called Strike
0-1: Foul Ball, location: 2F
0-2: Fly out, F9 (Flyball, 89XD)
Runner from 1st tags up, SAFE at 2nd
Batting: LHB Micheal Garren 0-0: Ball
1-0: Ball
2-0: Called Strike
2-1: Foul Ball, location: 2F
2-2: Foul Ball, location: 2F
2-2: Foul Ball, location: 2F
2-2: Strikes out swinging
Top of the 9th over - 0 run(s), 0 hit(s), 0 error(s), 1 left on base; Wizarding 10 - Las Vegas 2
BOTTOM OF THE 9TH
Las Vegas Flamingos batting - Pitching for Wizarding Express : LHP Dave Davis
Now at C: Rick Watson
Batting: LHB Sinclair van Kooten 0-0: Called Strike
0-1: Ball
1-1: Ball
2-1: Foul Ball, location: 2F
2-2: SINGLE (Line Drive, 34)
Batting: RHB Pablo Trujillo 0-0: Called Strike
0-1: Called Strike
0-2: Ball
1-2: Ball
2-2: Ball
3-2: Foul Ball, location: 2F
3-2: SINGLE (Groundball, 5D)
Sinclair van Kooten to second
Batting: RHB Ted Young 0-0: Called Strike
0-1: Ball
1-1: Ball
2-1: Called Strike
2-2: Ground out 4-3 (Groundball, 4M)
Sinclair van Kooten to third
Pablo Trujillo to second
Pitching: RHP Joe Benítez
Batting: SHB Kunimichi Chikafuji 0-0: Ball
1-0: Ball
2-0: Foul Ball, location: 2F
2-1: Called Strike
2-2: Ball
3-2: Foul Ball, location: 2F
3-2: Base on Balls
Batting: SHB Shojiro Kimura 0-0: Foul Ball, location: 2F
0-1: SINGLE (Flyball, 7S)
Sinclair van Kooten scores
Pablo Trujillo to third
Kunimichi Chikafuji to second
Runner from 3rd tries for Home, throw and OUT!
Batting: RHB Jeff Young 0-0: Called Strike
0-1: Foul Ball, location: 2F
0-2: Ball
1-2: Ball
2-2: Foul Ball, location: 2F
2-2: Ball
3-2: Foul Ball, location: 2F
3-2: Foul Ball, location: 2F
3-2: Base on Balls
Kunimichi Chikafuji to third
Shojiro Kimura to second
Batting: LHB Jake Shelton 0-0: Called Strike
0-1: Ball
1-1: Ball
2-1: Foul Ball, location: 2F
2-2: Ball
3-2: Strikes out looking
Bottom of the 9th over - 1 run(s), 3 hit(s), 0 error(s), 3 left on base; Wizarding 10 - Las Vegas 3
This league is powered by Out of the Park Baseball, the baseball management simulation game for PC, Mac and Linux
Monday, October 3rd, 2016 - OOTP Baseball 16.9 Build 39